 Dungeon Crawl Stone Soup version 0.30-a0-743-gbfdf073431 (webtiles) character file.

Game seed: 5291818798288671239

2263206 boo the Conqueror (level 27, 270/273 HPs)
             Began as a Minotaur Gladiator on Feb 7, 2023.
             Was a Priest of Okawaru.
             Escaped with the Orb
             ... and 4 runes!
             The game lasted 04:18:13 (74532 turns).

boo the Conqueror (Minotaur Gladiator)             Turns: 74532, Time: 04:18:14

Health: 270/273    AC: 50    Str: 31    XL:     27
Magic:  33/33      EV: 17    Int:  8    God:    Okawaru [***...]
Gold:   5651       SH:  5    Dex: 13    Spells: 26/26 levels left

rFire   + + .      SeeInvis +    a - +9 lajatang (speed)
rCold   + + +      Faith    .    (shield currently unavailable)
rNeg    + . .      Spirit   .    M - +11 gold dragon scales
rPois   +          Reflect  +    Z - +3 crown of Dyrovepreva {rElec Int+2 SInv}
rElec   +          Harm     .    k - scarf {rC+ rF+}
rCorr   .          Rampage  .    c - +1 pair of gloves of the Tormentor {Int+2}
Will    +++..                    i - +4 pair of boots of Tiruast {rC++ Regen+ Str+3 Int-3} Stlth
                                 O - amulet "Intonul" {Reflect rPois rC+ SH+5}
HPRegen 1.45/turn                N - ring of willpower
MPRegen 0.23/turn                X - ring of positive energy

@: no status effects
A: horns 2, retaliatory headbutt, clumsy 1, wild magic 1
0: Orb of Zot
}: 4/15 runes: barnacled, slimy, silver, gossamer
a: Renounce Religion, Heroism


You escaped.
You worshipped Okawaru.
Okawaru was most pleased with you.
You visited 12 branches of the dungeon, and saw 56 of its levels.
You visited the Abyss 1 time.
You also visited: Ossuary.

You collected 10863 gold pieces.
You spent 5212 gold pieces at shops.

Inventory:

Hand Weapons
 a - a +9 lajatang of speed (weapon)
 b - the +7 lajatang of Order {silver, rMut}
   (You took it off a deep elf zephyrmancer on level 3 of the Elven Halls)

   rMut:      It protects you from mutation.
 L - the +6 quarterstaff of the Omega Point {freeze, +Blink Int+4}
   (Okawaru gifted it to you on level 3 of the Elven Halls)

   Int:       It affects your intelligence (+4).
   +Blink:    It lets you blink.
Missiles
 d - 11 throwing nets (quivered)
 T - 16 silver javelins
Armour
 c - the +1 pair of gloves of the Tormentor (worn) {Int+2}
   (Okawaru gifted it to you on level 12 of the Dungeon)

   Int:       It affects your intelligence (+2).
 i - the +4 pair of boots of Tiruast (worn) {rC++ Regen+ Str+3 Int-3}
   (You acquired it on level 2 of the Lair of Beasts)

   Str:       It affects your strength (+3).
   Int:       It affects your intelligence (-3).
   rC:        It greatly protects you from cold.
   Regen:     It increases your rate of health regeneration.
 k - a scarf of resistance (worn)
 I - the +5 crystal plate armour "Epyim" {Str+3}
   (Okawaru gifted it to you on level 15 of the Dungeon)

   Str:       It affects your strength (+3).
 M - +11 gold dragon scales (worn)
 S - the +1 hat "Upeolea" {rN+ rCorr Str-4 Dex+3}
   (You found it on level 4 of the Spider Nest)

   Str:       It affects your strength (-4).
   Dex:       It affects your dexterity (+3).
   rN:        It protects you from negative energy.
   rCorr:     It protects you from acid and corrosion.
 Z - the +3 crown of Dyrovepreva (worn) {rElec Int+2 SInv}
   (You found it on level 3 of the Elven Halls)

   Int:       It affects your intelligence (+2).
   rElec:     It insulates you from electricity.
   SInv:      It lets you see invisible.
Jewellery
 f - a ring of positive energy
 l - a ring of resist corrosion
 n - a ring of willpower
 w - a ring of protection from fire
 x - a ring of flight
 A - a ring of willpower
 E - a ring of protection from fire
 N - a ring of willpower (left hand)
 O - the amulet "Intonul" (around neck) {Reflect rPois rC+ SH+5}
   (You bought it in a shop on level 9 of the Dungeon)

   [amulet of reflection]

   It reflects blocked missile attacks.
   rC:        It protects you from cold.
   rPois:     It protects you from poison.
   SH:        It affects your SH (+5).
 X - a ring of positive energy (right hand)
Wands
 u - a wand of roots (23)
 D - a wand of quicksilver (22)
 K - a wand of mindburst (19)
 Q - a wand of digging (41)
 R - a wand of polymorph (12)
Scrolls
 e - 9 scrolls of fog
 j - 3 scrolls of magic mapping
 p - a scroll of poison
 t - 38 scrolls of identify
 y - 2 scrolls of blinking
 z - 4 scrolls of fear
 C - 2 scrolls of brand weapon
 P - 2 scrolls of silence
 W - 35 scrolls of teleportation
Potions
 g - 26 potions of curing
 h - 4 potions of haste
 m - 10 potions of flight
 r - a potion of mutation
 B - 7 potions of ambrosia
 F - 5 potions of heal wounds
 G - 6 potions of resistance
 H - 4 potions of magic
 J - 7 potions of cancellation
 U - 6 potions of invisibility
 V - 5 potions of might
 Y - 9 potions of berserk rage


   Skills:
 O Level 27 Fighting
 + Level 17.3(24.1) Polearms
 O Level 27 Staves
 + Level 18.4 Throwing
 O Level 27 Armour
 + Level 25.1 Dodging
 + Level 14.8 Invocations


You had 26 spell levels left.
You didn't know any spells.
Your spell library contained the following spells:

 Spells                   Type           Power      Damage    Failure   Level
 Apportation              Tloc           0%         N/A       95%         1
 Freeze                   Ice            0%         1d3       95%         1
 Magic Dart               Conj           0%         1d3       95%         1
 Sandblast                Erth           0%         2d4       95%         1
 Shock                    Conj/Air       0%         1d3       95%         1
 Slow                     Hex            0%         N/A       95%         1
 Sting                    Tmut/Pois      0%         1d3       95%         1
 Blink                    Tloc           0%         N/A       98%         2
 Cigotuvi's Dreadful Rot  Necr/Pois/Air  0%         N/A       98%         2
 Ensorcelled Hibernation  Hex/Ice        0%         N/A       98%         2
 Lesser Beckoning         Tloc           0%         N/A       98%         2
 Momentum Strike          Conj/Tloc      0%         3d8       98%         2
 Passwall                 Tmut/Erth      0%         N/A       98%         2
 Searing Ray              Conj           0%         2d4       98%         2
 Static Discharge         Conj/Air       0%         2-2/arc   98%         2
 Sublimation of Blood     Necr           0%         N/A       98%         2
 Confusing Touch          Hex            0%         N/A       100%        3
 Frozen Ramparts          Ice            0%         1d1       100%        3
 Gell's Gravitas          Tloc           0%         N/A       100%        3
 Hailstorm                Conj/Ice       0%         3d3       100%        3
 Ignite Poison            Fire/Tmut/Pois 0%         N/A       100%        3
 Inner Flame              Hex/Fire       0%         N/A       100%        3
 Kindle Blastsparks       Fire/Tloc/Air  0%         2d10      100%        3
 Mephitic Cloud           Conj/Pois/Air  0%         N/A       100%        3
 Ozocubu's Armour         Ice            0%         N/A       100%        3
 Portal Projectile        Hex/Tloc       0%         N/A       100%        3
 Spider Form              Tmut/Pois      0%         N/A       100%        3
 Stone Arrow              Conj/Erth      0%         3d7       100%        3
 Swiftness                Air            0%         N/A       100%        3
 Teleport Other           Tloc           0%         N/A       100%        3
 Vampiric Draining        Necr           0%         2d6       100%        3
 Vhi's Electric Charge    Tloc/Air       0%         N/A       100%        3
 Airstrike                Air            0%         2d(0-16)  100%        4
 Anguish                  Hex/Necr       0%         N/A       100%        4
 Cause Fear               Hex            0%         N/A       100%        4
 Fulminant Prism          Conj/Hex       0%         3d5       100%        4
 Ice Form                 Ice/Tmut       0%         N/A       100%        4
 Iskenderun's Mystic Bla  Conj/Tloc      0%         2d3       100%        4
 Manifold Assault         Tloc           0%         N/A       100%        4
 Olgreb's Toxic Radiance  Pois           0%         N/A       100%        4
 Passage of Golubria      Tloc           0%         N/A       100%        4
 Petrify                  Tmut/Erth      0%         N/A       100%        4
 Sticky Flame             Conj/Fire      0%         2d3       100%        4
 Agony                    Necr           0%         N/A       100%        5
 Alistair's Intoxication  Tmut/Pois      0%         N/A       100%        5
 Arcjolt                  Conj/Air       0%         1d10      100%        5
 Blade Hands              Tmut           0%         N/A       100%        5
 Borgnjor's Vile Clutch   Necr/Erth      0%         N/A       100%        5
 Freezing Cloud           Conj/Ice/Air   0%         6-21      100%        5
 Irradiate                Conj/Tmut      0%         3d11      100%        5
 Iskenderun's Battlesphe  Conj           0%         2d6       100%        5
 Lee's Rapid Deconstruct  Erth           0%         3d4*      100%        5
 Lightning Bolt           Conj/Air       0%         1d11      100%        5
 Metabolic Englaciation   Hex/Ice        0%         N/A       100%        5
 Yara's Violent Unravell  Hex/Tmut       0%         3d3       100%        5
 Conjure Ball Lightning   Conj/Air       0%         3x3d6     100%        6
 Dispersal                Tloc           0%         N/A       100%        6
 Eringya's Noxious Bog    Tmut/Pois      0%         N/A       100%        6
 Iron Shot                Conj/Erth      0%         9d1       100%        6
 Statue Form              Tmut/Erth      0%         N/A       100%        6
 Enfeeble                 Hex            0%         N/A       100%        7
 Orb of Destruction       Conj           0%         9d5       100%        7
 Storm Form               Tmut/Air       0%         N/A       100%        7
 Borgnjor's Revivificati  Necr           0%         N/A       100%        8
 Discord                  Hex            0%         N/A       100%        8
 Disjunction              Tloc           0%         N/A       100%        8
 Ignition                 Fire           0%         3d3       100%        8
 Lehudib's Crystal Spear  Conj/Erth      0%         10d2      100%        8
 Maxwell's Capacitive Co  Air            0%         ∞         100%        8
 Necromutation            Tmut/Necr      0%         N/A       100%        8
 Death's Door             Necr           0%         N/A       100%        9
 Polar Vortex             Ice            0%         N/A       100%        9
 Summon Small Mammal      Summ           Unusable   N/A       N/A         1
 Call Canine Familiar     Summ           Unusable   N/A       N/A         3
 Summon Guardian Golem    Hex/Summ       Unusable   N/A       N/A         3
 Tukima's Dance           Hex            Unusable   N/A       N/A         3
 Animate Armour           Summ/Erth      Unusable   N/A       N/A         4
 Animate Dead             Necr           Unusable   N/A       N/A         4
 Summon Ice Beast         Ice/Summ       Unusable   N/A       N/A         4
 Death Channel            Necr           Unusable   N/A       N/A         6
 Simulacrum               Ice/Necr       Unusable   N/A       N/A         6
 Spellforged Servitor     Conj/Summ      Unusable   N/A       N/A         7

Dungeon Overview and Level Annotations

Branches:
Dungeon (15/15)            Temple (1/1) D:5            Lair (5/5) D:11
 Shoals (4/4) Lair:3       Spider (4/4) Lair:3        Slime (5/5) Lair:5
    Orc (2/2) D:11            Elf (3/3) Orc:2        Vaults (5/5) D:13
  Crypt (3/3) Vaults:2       Tomb (0/3) Crypt:3      Depths (4/4) D:15
    Zot (5/5) Depths:4    Ossuary (visited)

Altars:
Ashenzari
Cheibriados
Dithmenos
Elyvilon
Fedhas
Gozag
Hepliaklqana
Kikubaaqudgha
Makhleb
Nemelex Xobeh
Okawaru
Qazlal
Ru
Sif Muna
Trog
Uskayaw
Vehumet
Wu Jian
Xom
Yredelemnul
Zin
The Shining One
Jiyva

Shops:
D:9 ?=   D:11 **   Orc:2 :?:(   Elf:1 :=:!   Shoals:1 *[   Shoals:3 =:=
Vaults:3 *   Depths:2 =

Portals:
Hell: Lair:5 Depths:1 Depths:2 Depths:3 Depths:4
Abyss: Depths:2 Depths:3
Pandemonium: Depths:2
Ziggurat: Depths:3

Annotations:
D:12 3 runed translucent doors, exclusion: upstairs, FireHeadGirl's ghost, journeyman BaWr
D:14 exclusion: upstairs
Spider:3 Roxanne
Vaults:2 exclusion: downstairs
Depths:1 2 transporters, exclusion: orange crystal statue, Plog's ghost, adept DgCj; sirJeffrey23's ghost, adept MiFi; strangelove's ghost, master GrEE
Zot:1 3 transporters, exclusion: downstairs
Zot:2 exclusion: 2 upstairs
Zot:3 exclusion: upstairs


Innate Abilities, Weirdness & Mutations

You have a pair of horns on your head.
You reflexively headbutt those who attack you in melee.
You are clumsy. (Dex -2)
Your spells are a little harder to cast, but a little more powerful.


Message History

Where to? (Enter - D:1, ? - help) HP restored.
There is a stone staircase leading up here.
You climb upwards.
There is a stone staircase leading down here.
There is a stone staircase leading up here.
You climb upwards.
There is a stone staircase leading down here.
There is a stone staircase leading up here.
You climb upwards.
There is a stone staircase leading down here.
There is a stone staircase leading up here.
You climb upwards.
There is a stone staircase leading down here.
You see here a +0 dagger.
You see here a +0 club.
You see here a +0 dagger.
There is a stone staircase leading up here.
You climb upwards.
There is a stone staircase leading down here.
You feel like a meek peon again.
You see here a +0 sling.
Okay, then.
Aiming: Dig
Press: ? - help, Shift-Dir - straight line A rock wall.
This square is covered in magical glow.
The rock shatters into small pieces.
There is an open door here.
A balrug and 2 sun demons come into view.
The balrug is wielding a +2 demon whip of draining.
The sun demon shouts!
A sun demon comes into view. x2
There is an open door here.
The sun demon attacks as you move away! The sun demon hits you.
You are engulfed in flames.
You resist.
There is a staircase leading out of the dungeon here.
You can't go down here!
The sun demon barely misses you.
You have escaped!

# #.....# ######... ########.#
#.......# #........# #.......#
#.######## #.......#
#.....############### #.......#
#####.#.............##########.##
#...#.#.#####.#####............##
....#...#...#.#...#.#.####....##
#.#.#...#...'.#.@.#.#.# #....# #
.)...>#.#...#.#.3.#.#.# #....# #
#.###.#.#####.##2##.#.####....# #
#.#...#...[.32.3....#....'....###
#.#.###.##3##3#####.#####.^......
#.#.###.#...#.#...#.#######.####.
#.#.....#...#.'.>.#.#.......# #.
#.###...#...#.#...#.#.####### #.
#.###.#.#####.#####...# #.


You could see a balrug and 2 sun demons.

Vanquished Creatures
  the Royal Jelly (Slime:5)
  6 dread liches
  8 orbs of fire
  9 ancient liches
  A pandemonium lord (D:8)
  4 Killer Klowns
  Margery (Depths:4)
  3 curse toes (Zot:5)
  A caustic shrike (Depths:3)
  9 golden dragons
  A profane servitor (Crypt:3)
  5 bone dragons
  2 doom hounds (Zot:1)
  3 electric golems
  Jorgrun (Spider:2)
  16 tentacled monstrosities
  12 liches
  A Hell Sentinel (D:6)
  26 Orb Guardians
  Grunn (Zot:1)
  A walking divine tome (Depths:4)
  2 deep elf blademasters (Elf:3)
  25 acid blobs
  7 quicksilver dragons
  5 death cobs
  An eldritch tentacle (Vaults:4)
  6 titans
  4 deep elf master archers (Elf:3)
  Polyphemus (Shoals:2)
  11 ancient champions
  A tentacled starspawn (Abyss:2)
  Agnes (Spider:3)
  10 sphinxes
  2 draconian monks
  4 revenants
  10 shadow dragons
  6 tengu reavers
  18 storm dragons
  Kirke (D:15)
  Ilsuiw (Shoals:2)
  4 fire giants
  A daeva (Zot:1)
  14 azure jellies
  9 rockslimes
  An iron dragon (Vaults:5)
  4 draconian knights
  7 frost giants
  10 ghost moths
  10 deep elf sorcerers
  2 deep elf elementalists (Elf:3)
  18 vault wardens
  8 emperor scorpions
  3 draconian shifters
  5 draconian scorchers
  3 orc warlords
  2 draconian stormcallers
  2 curse skulls
  A cacodemon (Zot:5)
  12 ghouls
  3 draconian annihilators
  4 war gargoyles
  20 ironbound preservers
  9 stone giants
  5 green draconians
  14 very ugly things
  9 ironbound thunderhulks
  15 quicksilver oozes
  A spriggan defender (Depths:2)
  A caustic shrike skeleton (Crypt:3)
  A juggernaut skeleton (Crypt:1)
  12 black draconians
  2 broodmothers
  Nessos (Orc:2)
  An ophan (Abyss:2)
  13 vampire knights
  2 putrid mouths (Zot:1)
  3 deep elf demonologists (Elf:3)
  11 white draconians
  5 deep elf annihilators (Elf:3)
  15 red draconians
  2 spark wasps
  12 yellow draconians
  5 purple draconians
  A crystal guardian (Vaults:4)
  15 ettins
  4 eidola
  A merfolk impaler (Shoals:2)
  3 mummy priests (Crypt:3)
  5 merfolk javelineers (Shoals:4)
  A quicksilver dragon zombie (Abyss:2)
  14 yaktaur captains
  7 deep elf death magi
  9 jiangshi
  8 entropy weavers
  9 great orbs of eyes
  7 fire dragons
  Harold (D:9)
  Erolcha (Orc:2)
  6 ice dragons
  37 vault guards
  5 deep elf high priests
  3 peacekeepers
  3 spriggan air magi
  5 ogre magi
  3 merfolk avatars
  3 rakshasas
  A catoblepas (Shoals:2)
  5 radroaches
  20 centaur warriors
  4 jorogumos
  9 ironbound frosthearts
  5 boulder beetles
  3 ghost crabs (Vaults:4)
  31 dancing weapons
  4 death knights
  9 hydras
  2 spriggan skeletons (Crypt:1)
  4 merfolk aquamancers
  3 death yaks (Shoals:2)
  An alligator snapping turtle (Shoals:3)
  10 tengu warriors
  6 deep troll shamans
  11 two-headed ogres
  6 satyrs
  15 deep troll earth magi
  4 vampire magi
  An Orb Guardian skeleton (Crypt:1)
  An orc high priest (Orc:1)
  A spriggan berserker (Depths:4)
  Nergalle (Lair:2)
  3 sun demons
  9 soul eaters
  38 skeletal warriors
  A titan skeleton (Vaults:4)
  12 hell knights
  A storm dragon zombie (Crypt:1)
  16 deep elf knights
  A shadow wraith (Vaults:5)
  A salamander mystic (Depths:1)
  A wretched star (Abyss:2)
  6 iron trolls
  Amaemon (Lair:2)
  An anaconda zombie (Crypt:2)
  10 pharaoh ants
  A sun moth (Spider:4)
  6 flayed ghosts
  A ghost moth zombie (Crypt:1)
  9 sea snakes
  A spriggan simulacrum (Vaults:4)
  11 wizards
  6 orb spiders
  A death drake (Vaults:4)
  A sea snake (shapeshifter) (Vaults:5)
  81 deep trolls
  A quicksilver dragon simulacrum (Vaults:4)
  10 necromancers
  5 glowing orange brains
  A bog body (Crypt:1)
  9 lindwurms
  9 deep elf archers
  26 deep elf pyromancers
  13 phantasmal warriors
  26 ironbound convokers
  A mana viper (shapeshifter) (Depths:4)
  14 harpies
  31 deep elf zephyrmancers
  13 orc knights
  2 steelbarb worms
  28 ugly things
  2 shining eyes (shapeshifter)
  19 wolf spiders
  A shadow dragon skeleton (Crypt:2)
  A worldbinder (Abyss:2)
  10 fauns
  27 moths of wrath
  17 manticores
  16 orc sorcerers
  5 shining eyes
  2 sphinx skeletons (Vaults:4)
  16 cyclopes
  Joseph (D:7)
  A moth of wrath (shapeshifter) (Vaults:5)
  11 elephants
  3 salamanders (Depths:1)
  2 human skeletons
  10 merfolk sirens
  8 black mambas
  4 water nymphs
  2 dire elephant zombies
  2 naga magi
  21 vault sentinels
  5 demonic crawlers
  2 gargoyles
  6 torpor snails
  An alligator snapping turtle zombie (Crypt:3)
  5 orange demons
  11 cane toads
  4 eyes of devastation
  2 smoke demons
  2 centaur skeletons
  2 efreet
  A death yak zombie (Crypt:3)
  2 kobold demonologists
  5 rime drakes
  6 tengu conjurers
  13 freezing wraiths
  9 komodo dragons
  51 yaktaurs
  An anaconda simulacrum (Crypt:3)
  An iron troll zombie (Crypt:2)
  An ancient zyme (Abyss:2)
  A black draconian skeleton (Crypt:3)
  17 guardian mummies
  An unseen horror skeleton (Crypt:2)
  An ice devil (Lair:5)
  A silent spectre (Crypt:2)
  A harpy zombie (Crypt:1)
  3 tormentors
  2 red devils
  4 meliai
  11 wind drakes
  8 trolls
  26 merfolk
  2 polar bears
  A meliai (shapeshifter) (Vaults:5)
  A hellwing (D:14)
  A merfolk (shapeshifter) (Vaults:4)
  17 hornets
  A sphinx simulacrum (Vaults:4)
  A tarantella zombie (Crypt:1)
  Grinder (D:6)
  24 tarantellas
  Prince Ribbit (Lair:1)
  A harpy skeleton (Crypt:3)
  5 large abominations (Abyss:2)
  14 blink frogs
  A raiju (Abyss:2)
  9 snapping turtles
  A centaur simulacrum (Crypt:3)
  6 dream sheep (Shoals:4)
  A great orb of eyes zombie (Crypt:3)
  A ynoxinul (Abyss:2)
  An air elemental (Elf:1)
  An ushabti (Crypt:3)
  33 jumping spiders
  12 water elementals
  124 slime creatures
  2 shadows (D:9)
  7 small abominations
  27 culicivoras
  A dire elephant simulacrum (Crypt:3)
  12 wraiths
  A yak (shapeshifter) (Vaults:5)
  3 hogs (D:15)
  21 fire elementals
  3 humans
  A chaos spawn (Abyss:2)
  A hog (shapeshifter) (Elf:1)
  7 wyverns
  43 yaks
  3 basilisks
  12 golden eyes
  69 redbacks
  A redback (shapeshifter) (Elf:3)
  A steam dragon (D:9)
  5 wargs
  2 spatial vortices (Vaults:4)
  A fire bat zombie (Crypt:2)
  4 acid dragons
  2 naga skeletons
  16 water moccasins
  5 hell hounds (Lair:5)
  2 floating eyes
  An elephant zombie (Crypt:2)
  2 black bears (shapeshifter)
  18 orc warriors
  2 sky beasts (D:7)
  An ice beast (D:6)
  A lindwurm zombie (Crypt:1)
  2 black bears
  5 ogres
  14 wolves
  14 centaurs
  16 starcursed masses (Abyss:2)
  A lindwurm skeleton (Crypt:2)
  A swamp dragon skeleton (Crypt:3)
  3 phantoms
  6 kobold brigands
  Blork the orc (D:4)
  An elf zombie (Crypt:3)
  12 bullfrogs
  A cyclops zombie (Crypt:1)
  An ogre simulacrum (Vaults:4)
  A naga simulacrum (Crypt:1)
  5 scorpions
  A salamander skeleton (Crypt:2)
  7 necrophages
  An elf skeleton (Crypt:3)
  2 earth elementals (Elf:1)
  27 wights
  A troll zombie (Ossuary)
  5 killer bees (D:9)
  A wolf zombie (Crypt:2)
  10 electric eels
  12 howler monkeys
  2 centaur zombies (Ossuary)
  5 human zombies
  14 orc priests
  A basilisk zombie (Crypt:1)
  3 hounds
  5 iguanas
  2 iron imps
  8 jellies
  4 gnoll boudas
  27 orc wizards
  A boggart skeleton (Crypt:2)
  Ijyb (D:3)
  3 ogre zombies
  A hound skeleton (Crypt:3)
  10 mummies
  7 adders
  17 gnolls
  A shadow imp (D:8)
  2 white imps
  3 ufetubi
  An adder zombie (Ossuary)
  6 worms
  A dart slug (D:3)
  65 orcs
  4 ball pythons
  12 endoplasms
  5 giant cockroaches
  7 goblins
  16 hobgoblins
  6 jackals
  4 quokkas
  2 bats
  A frilled lizard (D:1)
  A frilled lizard zombie (Crypt:3)
  6 goblin zombies
  4 hobgoblin zombies (Ossuary)
  A jackal skeleton (Crypt:2)
  36 kobolds
  2 kobold zombies
  2 orc zombies (Ossuary)
  5 quokka zombies (Ossuary)
  5 rats
  6 rat zombies (Ossuary)
  A spectral orc (D:8)
2617 creatures vanquished.

Vanquished Creatures (others)
  Nikola (Spider:3)
  A draconian knight (Zot:4)
  A storm dragon (Zot:4)
  A deep elf knight (Elf:1)
  A draconian zombie (Crypt:1)
  An orc wizard (Orc:2)
  2 orcs (Orc:2)
  16 fungi
  51 plants
  2 starspawn tentacles (Abyss:2)
77 creatures vanquished.

Grand Total: 2694 creatures vanquished

Notes
Turn   | Place    | Note
-------+----------+-------------------------------------------
     0 | D:1      | boo the Minotaur Gladiator began the quest for the Orb.
     0 | D:1      | Reached XP level 1. HP: 18/18 MP: 0/0
   180 | D:1      | Reached XP level 2. HP: 20/25 MP: 1/1
   733 | D:1      | Reached XP level 3. HP: 30/30 MP: 2/2
  1023 | D:2      | Found a sacrificial altar of Ru.
  1408 | D:2      | Reached XP level 4. HP: 34/38 MP: 3/3
  1608 | D:3      | Reached skill level 5 in Staves
  1699 | D:3      | Noticed Ijyb
  1703 | D:3      | Killed Ijyb
  1786 | D:3      | Found an ornate altar of the Wu Jian Council.
  1854 | D:3      | Noticed a centaur
  1864 | D:3      | Found a shadowy altar of Dithmenos.
  1876 | D:3      | Killed a centaur
  1877 | D:3      | Reached skill level 1 in Armour
  1877 | D:3      | Reached XP level 5. HP: 6/46 MP: 4/4
  2404 | D:4      | Noticed a phantom
  2405 | D:4      | Found a radiant altar of Vehumet.
  2411 | D:4      | Killed a phantom
  2412 | D:4      | Reached XP level 6. HP: 53/53 MP: 5/5
  2601 | D:4      | Found a sacrificial altar of Ru.
  2648 | D:4      | Found a sand-covered staircase.
  2655 | Ossuary  | Entered an ossuary
  2999 | Ossuary  | Reached XP level 7. HP: 53/60 MP: 6/6
  3003 | Ossuary  | Reached skill level 5 in Fighting
  3382 | D:4      | Noticed Blork the orc
  3388 | D:4      | Killed Blork the orc
  3899 | D:5      | Entered Level 5 of the Dungeon
  3962 | D:5      | Found a snail-covered altar of Cheibriados.
  4105 | D:5      | Reached XP level 8. HP: 70/70 MP: 7/7
  4170 | D:5      | Found a staircase to the Ecumenical Temple.
  4273 | Temple   | Entered the Ecumenical Temple
  4760 | D:5      | Reached skill level 5 in Armour
  5149 | D:6      | Reached skill level 10 in Staves
  5255 | D:6      | Identified the +4 chain mail of the Sun {Harm Will- Str+7}
  5378 | D:6      | Noticed Grinder
  5392 | D:6      | Paralysed by Grinder for 4 turns
  5400 | D:6      | Killed Grinder
  5424 | D:6      | Reached XP level 9. HP: 71/79 MP: 8/8
  5855 | D:6      | Found a glowing golden altar of the Shining One.
  6322 | D:7      | Noticed Joseph
  6332 | D:7      | Killed Joseph
  7418 | D:8      | Noticed a kobold demonologist
  7422 | D:8      | Reached XP level 10. HP: 86/91 MP: 9/9
  8153 | D:8      | Found a basalt altar of Yredelemnul.
  8639 | D:9      | Noticed a two-headed ogre
  8652 | D:9      | Killed a two-headed ogre
  8653 | D:9      | Reached skill level 10 in Fighting
  8683 | D:9      | Noticed a cyclops
  8685 | D:9      | Noticed a green ugly thing
  8702 | D:9      | Killed a green ugly thing
  8703 | D:9      | Reached skill level 10 in Armour
  8703 | D:9      | Reached XP level 11. HP: 102/102 MP: 10/10
  8763 | D:9      | Noticed Harold
  8766 | D:9      | Noticed a two-headed ogre
  8773 | D:9      | Killed Harold
  8776 | D:9      | Killed a two-headed ogre
  8779 | D:9      | Noticed a two-headed ogre
  8786 | D:9      | Killed a two-headed ogre
  8790 | D:9      | Paralysed by a hornet for 1 turns
  9049 | D:9      | Found a blossoming altar of Fedhas.
  9087 | D:9      | Found a hide-covered altar of Uskayaw.
  9299 | D:9      | Found Ihyurit's Jewellery Boutique.
  9300 | D:9      | Found Egalu's Magic Scroll Boutique.
  9314 | D:9      | Bought the amulet "Intonul" {Reflect rPois rC+ SH+5} for
                  | 674 gold pieces
  9471 | D:10     | Entered Level 10 of the Dungeon
  9471 | D:10     | Found the +5 woodcutter's axe
  9985 | D:10     | Found an iron altar of Okawaru.
 10093 | D:10     | Became a worshipper of Warmaster Okawaru
 10290 | D:10     | Found a burning altar of Makhleb.
 10419 | D:11     | Found Niameda's Assorted Antiques.
 10433 | D:11     | Found Fikleif's Assorted Antiques.
 10542 | D:11     | Noticed a two-headed ogre
 10547 | D:11     | Killed a two-headed ogre
 10556 | D:11     | Reached * piety under Okawaru
 10889 | D:11     | Noticed a tengu warrior
 10905 | D:11     | Killed a tengu warrior
 10906 | D:11     | Reached XP level 12. HP: 85/116 MP: 11/11
 11020 | D:11     | Found a staircase to the Orcish Mines.
 11064 | D:11     | Found a hide-covered altar of Uskayaw.
 11084 | D:11     | Found a staircase to the Lair.
 11113 | D:11     | Reached ** piety under Okawaru
 11346 | D:9      | Bought a scroll of identify for 20 gold pieces
 11346 | D:9      | Bought a scroll of identify for 20 gold pieces
 11346 | D:9      | Bought a scroll of identify for 20 gold pieces
 11346 | D:9      | Bought a scroll of identify for 20 gold pieces
 11346 | D:9      | Bought a scroll of blinking for 75 gold pieces
 11346 | D:9      | Bought a scroll of fog for 40 gold pieces
 11528 | Lair:1   | Entered Level 1 of the Lair of Beasts
 11855 | Lair:1   | Noticed Prince Ribbit
 11862 | Lair:1   | Killed Prince Ribbit
 11862 | Lair:1   | Reached *** piety under Okawaru
 12096 | Lair:1   | Reached skill level 15 in Fighting
 12383 | Lair:2   | Reached **** piety under Okawaru
 12428 | Lair:2   | Noticed Nergalle
 12439 | Lair:2   | Killed Nergalle
 12479 | Lair:2   | Reached skill level 15 in Armour
 12720 | Lair:2   | Identified a scroll of acquirement
 12721 | Lair:2   | Acquired the +4 pair of boots of Tiruast {rC++ Regen+ Str+3
                  | Int-3}
 13049 | Lair:2   | Noticed Amaemon
 13059 | Lair:2   | Killed Amaemon
 13066 | Lair:2   | Reached ***** piety under Okawaru
 13066 | Lair:2   | Received a gift from Okawaru
 13497 | Lair:3   | Noticed a four-headed hydra
 13506 | Lair:3   | Killed a four-headed hydra
 13573 | Lair:3   | Reached XP level 13. HP: 113/128 MP: 12/12
 13583 | Lair:3   | Received a gift from Okawaru
 14061 | Lair:3   | Found a hole to the Spider Nest.
 14066 | Lair:3   | Received a gift from Okawaru
 14470 | Lair:3   | Found a staircase to the Shoals.
 15494 | Lair:5   | Entered Level 5 of the Lair of Beasts
 15662 | Lair:5   | Found a viscous altar of Jiyva.
 15663 | Lair:5   | Found a staircase to the Slime Pits.
 15920 | Lair:5   | Reached ****** piety under Okawaru
 16268 | Lair:5   | Identified the +0 robe of the Three Ziggurats {*Corrode
                  | rElec Dex+4} (Okawaru gifted it to you on level 5 of the
                  | Lair of Beasts)
 16268 | Lair:5   | Received a gift from Okawaru
 16288 | Lair:5   | Reached XP level 14. HP: 110/144 MP: 13/13
 16336 | Lair:5   | Found a burning altar of Makhleb.
 16689 | Lair:5   | Found a gateway to Hell.
 16908 | Orc:1    | Entered Level 1 of the Orcish Mines
 17007 | Orc:2    | Entered Level 2 of the Orcish Mines
 17007 | Orc:2    | Noticed Nessos
 17310 | Orc:2    | Killed Nessos
 17462 | Orc:2    | Found a staircase to the Elven Halls.
 18046 | Orc:2    | Found Sugemod's Antique Weapon Emporium.
 18075 | Orc:2    | Found an ancient bone altar of Kikubaaqudgha.
 18127 | Orc:2    | Noticed Erolcha
 18130 | Orc:2    | Found a radiant altar of Vehumet.
 18139 | Orc:2    | Killed Erolcha
 18141 | Orc:2    | Gained mutation: You are vulnerable to heat. (rF-) [a
                  | neqoxec]
 18170 | Orc:2    | Found Xigahuul's Book Shoppe.
 18270 | Orc:2    | Found Birebb's Book Shoppe.
 18287 | Orc:2    | Found Keprurghou's Magic Scroll Emporium.
 18314 | Orc:2    | Bought a scroll of identify for 24 gold pieces
 18314 | Orc:2    | Bought 3 scrolls of teleportation for 108 gold pieces
 18314 | Orc:2    | Bought a scroll of poison for 48 gold pieces
 18314 | Orc:2    | Bought a scroll of identify for 24 gold pieces
 18314 | Orc:2    | Bought a scroll of enchant armour for 90 gold pieces
 18314 | Orc:2    | Bought a scroll of enchant weapon for 90 gold pieces
 18314 | Orc:2    | Bought a scroll of teleportation for 36 gold pieces
 18481 | D:12     | Identified the +1 pair of gloves of the Tormentor {Int+2}
                  | (Okawaru gifted it to you on level 12 of the Dungeon)
 18481 | D:12     | Received a gift from Okawaru
 18766 | D:12     | Found a runed translucent gate.
 18766 | D:12     | Found a runed translucent gate.
 18766 | D:12     | Found a runed translucent gate.
 18767 | D:12     | Noticed FireHeadGirl's ghost (journeyman BaWr)
 19681 | D:13     | Found a gate to the Vaults.
 20354 | D:14     | Reached XP level 15. HP: 147/158 MP: 14/14
 20683 | D:14     | Found a hazy altar of Hepliaklqana.
 20926 | D:15     | Entered Level 15 of the Dungeon
 21090 | D:15     | Received a gift from Okawaru
 21097 | D:15     | Found a staircase to the Depths.
 21265 | D:15     | Identified the +5 crystal plate armour "Epyim" {Str+3}
                  | (Okawaru gifted it to you on level 15 of the Dungeon)
 21265 | D:15     | Received a gift from Okawaru
 21795 | D:15     | Noticed Kirke
 21803 | D:15     | Killed Kirke
 22262 | Spider:1 | Entered Level 1 of the Spider Nest
 23018 | Spider:1 | Identified the +1 spear of Departure {flame, rF+ Int+3}
 23419 | Spider:2 | Identified the +1 pair of boots "Trusted Companion" {rPois
                  | rC+} (Okawaru gifted it to you on level 2 of the Spider
                  | Nest)
 23419 | Spider:2 | Received a gift from Okawaru
 23841 | Spider:2 | Reached XP level 16. HP: 126/172 MP: 15/15
 24156 | Spider:2 | Noticed Jorgrun
 24171 | Spider:2 | Killed Jorgrun
 24346 | Spider:2 | Paralysed by a jorogumo for 2 turns
 24631 | Spider:2 | Identified the +1 scale mail "Xuoco Sobb" {rN+ Str+7 Int+3
                  | Slay-3}
 25584 | Spider:3 | Noticed Nikola
 25613 | Spider:3 | Killed Nikola
 26084 | Spider:3 | Noticed Agnes
 26092 | Spider:3 | Killed Agnes
 26331 | Spider:3 | Identified Roxanne's Folio of Grit
 26331 | Spider:3 | Noticed Roxanne
 26408 | Spider:3 | Received a gift from Okawaru
 27302 | Spider:4 | Entered Level 4 of the Spider Nest
 27468 | Spider:4 | Got the Omnibus of Hexes and Terrain
 27679 | Spider:4 | Received a gift from Okawaru
 27848 | Spider:4 | Identified the +1 hat "Upeolea" {rN+ rCorr Str-4 Dex+3}
 27992 | Spider:4 | Reached XP level 17. HP: 167/185 MP: 16/16
 28044 | Spider:4 | Got a gossamer rune of Zot
 28580 | Shoals:1 | Entered Level 1 of the Shoals
 28580 | Shoals:1 | Found Orabbiod's General Store.
 28822 | Shoals:1 | Identified the +1 pair of boots of the Eight Boll Weevils
                  | {rF- Will+ Str+2 Dex+4}
 29048 | Shoals:1 | Found Jaocsog's Antique Armour Shop.
 29421 | Shoals:2 | Identified the +2 hand axe of the Incandescent {freeze,
                  | *Rage rC++ rN+++}
 29549 | Shoals:2 | Noticed Polyphemus
 29678 | Shoals:2 | Noticed Ilsuiw
 29718 | Shoals:2 | Killed Ilsuiw
 30031 | Shoals:2 | Killed Polyphemus
 30439 | Shoals:3 | Received a gift from Okawaru
 30651 | Shoals:3 | Found Hoem's Jewellery Emporium.
 30880 | Shoals:3 | Found Pegeplif's Book Emporium.
 30952 | Shoals:3 | Found Plog's Jewellery Shoppe.
 30958 | Shoals:3 | Identified the +1 chain mail of Subjectivity {rF- Int+8
                  | SInv Stlth-}
 30967 | Shoals:3 | Bought a ring of willpower for 475 gold pieces
 31120 | Shoals:3 | Reached skill level 27 in Fighting
 31316 | Shoals:4 | Entered Level 4 of the Shoals
 31349 | Shoals:4 | Received a gift from Okawaru
 31834 | Abyss:2  | Cast into level 2 of the Abyss (merfolk javelineer)
 31932 | Abyss:2  | Found a corrupted altar of Lugonu.
 31954 | Abyss:2  | Found a corrupted altar of Lugonu.
 31954 | Abyss:2  | Found a corrupted altar of Lugonu.
 32095 | Abyss:2  | Found a corrupted altar of Lugonu.
 32105 | Abyss:2  | Found a corrupted altar of Lugonu.
 32105 | Abyss:2  | Found a corrupted altar of Lugonu.
 32178 | Abyss:2  | Found a stormy altar of Qazlal.
 32203 | Abyss:2  | Reached XP level 18. HP: 200/200 MP: 14/17
 32210 | Abyss:2  | Found a stormy altar of Qazlal.
 32310 | Shoals:4 | Escaped the Abyss
 32781 | Shoals:4 | Got a barnacled rune of Zot
 33162 | Shoals:4 | Identified the +4 lajatang "Raapnuch" {spect, *Noise Int+5
                  | Dex+5} (Okawaru gifted it to you on level 4 of the Shoals)
 33162 | Shoals:4 | Received a gift from Okawaru
 33520 | Elf:1    | Entered Level 1 of the Elven Halls
 33836 | Elf:1    | Found Kirih's Distillery.
 34281 | Elf:1    | Paralysed by an air elemental for 1 turns
 34570 | Elf:1    | Found Aggi's Book Boutique.
 34570 | Elf:1    | Found Gastras's Jewellery Emporium.
 34571 | Elf:1    | Found Vekexost's Book Boutique.
 34798 | Elf:2    | Found a runed translucent gate.
 34798 | Elf:2    | Found a runed translucent gate.
 34798 | Elf:2    | Found a runed translucent gate.
 35159 | Elf:2    | Received a gift from Okawaru
 35611 | Elf:2    | Reached XP level 19. HP: 179/207 MP: 18/18
 35979 | Elf:3    | Entered Level 3 of the Elven Halls
 36074 | Elf:1    | Bought a ring of willpower for 375 gold pieces
 36108 | Elf:3    | Identified the +6 quarterstaff of the Omega Point {freeze,
                  | +Blink Int+4} (Okawaru gifted it to you on level 3 of the
                  | Elven Halls)
 36108 | Elf:3    | Received a gift from Okawaru
 36109 | Elf:3    | Reached skill level 15 in Staves
 36903 | Elf:3    | Identified the +3 rapier of Ashenzari's Regard {freeze, rC+
                  | Will+ Int-5 SInv}
 37086 | Elf:3    | Received a gift from Okawaru
 37181 | Elf:3    | Identified the amulet of Qummoa Xema {Reflect Harm Fragile
                  | +Blink Slay+3 SH+5}
 37254 | Elf:3    | Reached skill level 27 in Armour
 37535 | Elf:3    | Identified the +9 falchion of Apuvat {freeze, rPois rC++
                  | Int-3 Dex-2}
 37542 | Elf:3    | Received a gift from Okawaru
 37690 | Elf:3    | Identified the +9 war axe of the Avant Garde God {pain,
                  | *Slow Int+4 Dex+6}
 37836 | Elf:3    | Got the Codex of Geometric Filth
 37874 | Elf:3    | Identified the +7 shortbow "Tyclo" {elec, rElec}
 37899 | Elf:3    | Found the +3 crown of Dyrovepreva {rElec Int+2 SInv}
 37909 | Elf:3    | Identified the +4 whip "Neiceedakul" {pain, Fly Int+3 Dex+2
                  | Stlth-}
 37918 | Elf:3    | Identified the +6 short sword "Gomaujush" {holy, *Rage
                  | rPois Int+3}
 38224 | D:9      | Bought a ring of protection from fire for 350 gold pieces
 38362 | Vaults:1 | Entered Level 1 of the Vaults
 38613 | Vaults:1 | Reached skill level 5 in Dodging
 38899 | Vaults:1 | Received a gift from Okawaru
 39410 | Vaults:1 | Reached XP level 20. HP: 216/216 MP: 4/19
 39533 | Vaults:1 | Acquired a +5 lajatang of speed
 40110 | Vaults:2 | Received a gift from Okawaru
 40324 | Vaults:2 | Paralysed by a great orb of eyes for 4 turns
 40805 | Vaults:2 | Found a staircase to the Crypt.
 41055 | Vaults:2 | Found the +2 hat of the Bear Spirit {Spirit, Bear, *Rage
                  | Will++}
 41070 | Vaults:2 | Found a radiant altar of Vehumet.
 41831 | Vaults:3 | Reached skill level 10 in Dodging
 41967 | Vaults:3 | Found Arynij's General Store.
 42172 | Vaults:3 | Identified the +0 scale mail "Nyewyx" {-Cast Harm Slay+3}
 42318 | Vaults:3 | Identified the +1 robe "Gazut" {rElec rN+ Str+3} (Okawaru
                  | gifted it to you on level 3 of the Vaults)
 42318 | Vaults:3 | Received a gift from Okawaru
 42484 | Vaults:3 | Reached XP level 21. HP: 187/224 MP: 20/20
 43009 | Vaults:3 | You fall into a shaft and drop 1 floor!
 43712 | Vaults:3 | Bought a potion of invisibility for 136 gold pieces
 43712 | Vaults:3 | Bought a scroll of teleportation for 51 gold pieces
 44095 | D:11     | Bought a potion of heal wounds for 160 gold pieces
 44095 | D:11     | Bought a scroll of teleportation for 96 gold pieces
 44095 | D:11     | Bought a potion of magic for 256 gold pieces
 44758 | Vaults:4 | Got the Volume of the Coward
 45410 | Vaults:4 | Paralysed by an eldritch tentacle for 3 turns
 45618 | Vaults:4 | Got Sif Muna's Notes on Relocation
 46284 | Vaults:4 | Received a gift from Okawaru
 46423 | Vaults:4 | Received a gift from Okawaru
 46579 | Vaults:4 | Got the Catalogue of Maleficent Rites
 46872 | Depths:1 | Entered Level 1 of the Depths
 46916 | Depths:1 | Found a transporter.
 46955 | Depths:1 | Received a gift from Okawaru
 47090 | Depths:1 | Noticed Plog's ghost (adept DgCj)
 47093 | Depths:1 | Noticed a juggernaut
 47093 | Depths:1 | Noticed sirJeffrey23's ghost (adept MiFi)
 47124 | Depths:1 | Found a transporter.
 47140 | Depths:1 | Noticed strangelove's ghost (master GrEE)
 47451 | Depths:1 | Found a bloodstained altar of Trog.
 47468 | Depths:1 | Identified the +1 animal skin of Generosity {Str+2 Int+5}
 47733 | Depths:2 | Reached XP level 22. HP: 227/233 MP: 21/21
 47968 | Depths:2 | Reached skill level 27 in Staves
 48044 | Depths:2 | Found a one-way gate leading to the halls of Pandemonium.
 48060 | Depths:2 | Found a one-way gate to the infinite horrors of the Abyss.
 48142 | Depths:2 | Found Hyru's Jewellery Shop.
 48684 | Depths:3 | Identified the -1 buckler of the Sky {Drain rN+++ rCorr
                  | Int+6} (Okawaru gifted it to you on level 3 of the Depths)
 48684 | Depths:3 | Received a gift from Okawaru
 48797 | Depths:3 | Found a one-way gateway to a ziggurat.
 49018 | Depths:3 | Reached skill level 15 in Dodging
 49115 | Depths:3 | Identified the +6 war axe "Ogrebane" {distort, SInv}
 49180 | Depths:3 | Reached skill level 5 in Throwing
 49295 | Depths:4 | Entered Level 4 of the Depths
 49305 | Depths:4 | Paralysed by a floating eye for 3 turns
 49587 | Depths:4 | Noticed Margery
 49609 | Depths:4 | Killed Margery
 49820 | Depths:4 | Noticed a golden dragon
 49821 | Depths:4 | Found a gate to the Realm of Zot.
 49847 | Depths:4 | Killed a golden dragon
 50027 | Depths:4 | Received a gift from Okawaru
 50959 | Slime:1  | Entered Level 1 of the Pits of Slime
 51149 | Slime:1  | Reached XP level 23. HP: 240/240 MP: 22/22
 51585 | Slime:3  | Gained mutation: You are weak. (Str -2) [a shining eye]
 52139 | Slime:2  | Reached skill level 10 in Throwing
 53384 | Slime:3  | Received a gift from Okawaru
 53653 | Slime:5  | Entered Level 5 of the Pits of Slime
 54060 | Slime:5  | Noticed the Royal Jelly
 54077 | Slime:5  | Killed the Royal Jelly
 54077 | Slime:5  | Received a gift from Okawaru
 54500 | Slime:5  | Identified the +1 falchion "Diquw" {chaos, rElec rPois
                  | Int-2 Stlth+}
 54535 | Slime:5  | Got a slimy rune of Zot
 54540 | Slime:5  | Identified the +10 glaive of the Hundredfold Knives {holy,
                  | rF+ Str+3}
 54543 | Slime:5  | Identified the +3 glaive of Infection {flame, rF+ Will+}
 54549 | Slime:5  | Got the Directory of Congelation
 54576 | Slime:5  | Identified the +3 dagger "Beastbane" {heavy, rF+ Str+2
                  | Dex+3}
 54677 | Slime:5  | Lost mutation: You are vulnerable to heat. (rF-) [potion of
                  | mutation]
 54677 | Slime:5  | Lost mutation: You are weak. (Str -2) [potion of mutation]
 55523 | Vaults:5 | Entered Level 5 of the Vaults
 55541 | Vaults:5 | Reached skill level 1 in Polearms
 55546 | Vaults:5 | Reached skill level 1 in Invocations
 55548 | Vaults:5 | Noticed an ancient lich
 55557 | Vaults:5 | Killed an ancient lich
 55613 | Vaults:5 | Noticed an ancient lich
 55937 | Vaults:5 | Noticed a dread lich
 55952 | Vaults:5 | Killed a dread lich
 55952 | Vaults:5 | Received a gift from Okawaru
 56063 | Vaults:5 | Reached skill level 5 in Polearms
 56088 | Vaults:5 | Reached XP level 24. HP: 216/244 MP: 25/25
 56100 | Vaults:5 | Killed an ancient lich
 56100 | Vaults:5 | Received a gift from Okawaru
 56446 | Vaults:5 | Reached skill level 5 in Invocations
 56530 | Vaults:5 | Identified the +0 sling of Pandemonium {drain, Str+5 Int-5}
 56588 | Vaults:5 | Identified the +1 helmet of Ryqusom {Str+6}
 56608 | Vaults:5 | Noticed a dread lich
 56615 | Vaults:5 | Killed a dread lich
 56892 | Vaults:5 | Received a gift from Okawaru
 56923 | Vaults:5 | Identified the amulet of Neifuily {Spirit rPois}
 57081 | Vaults:5 | Identified the +0 pair of gloves of Experimentation
                  | {*Corrode Str+5 Int+2}
 57106 | Vaults:5 | Received a gift from Okawaru
 57572 | Vaults:5 | Got a silver rune of Zot
 57832 | D:11     | Bought a scroll of acquirement for 1664 gold pieces
 57843 | D:11     | Acquired 686 gold pieces
 57939 | Crypt:1  | Entered Level 1 of the Crypt
 58388 | Crypt:1  | Identified the +7 hand axe "Locvof" {vamp, rN+ Dex+7}
 58822 | Crypt:1  | Received a gift from Okawaru
 59309 | Crypt:2  | Noticed a dread lich
 59321 | Crypt:2  | Killed a dread lich
 59370 | Crypt:2  | Reached skill level 10 in Polearms
 59604 | Crypt:2  | Reached XP level 25. HP: 252/257 MP: 28/28
 59952 | Crypt:2  | Found a runed door.
 60047 | Crypt:2  | Received a gift from Okawaru
 60051 | Crypt:2  | Noticed a dread lich
 60062 | Crypt:2  | Noticed an ancient lich
 60063 | Crypt:2  | Killed a dread lich
 60085 | Crypt:2  | Killed an ancient lich
 60123 | Crypt:2  | Found the +6 lightning scales {swift, rElec}
 60269 | Crypt:2  | Noticed an ancient lich
 60282 | Crypt:2  | Killed an ancient lich
 60392 | Crypt:2  | Acquired 811 gold pieces
 60394 | Crypt:2  | Acquired 407 gold pieces
 60396 | Crypt:2  | Acquired 965 gold pieces
 60444 | Crypt:3  | Entered Level 3 of the Crypt
 60458 | Crypt:3  | Received a gift from Okawaru
 60513 | Crypt:3  | Noticed an ancient lich
 60518 | Crypt:3  | Killed an ancient lich
 60685 | Crypt:3  | Reached skill level 15 in Throwing
 61030 | Crypt:3  | Received a gift from Okawaru
 61031 | Crypt:3  | Reached skill level 10 in Invocations
 61173 | Crypt:3  | Found a staircase to the Tomb.
 61600 | Crypt:3  | Identified the +4 trident of the Omega Point {heavy, rElec
                  | rF- rC+ Dex+3}
 61638 | Crypt:3  | Found a basalt altar of Yredelemnul.
 61645 | Crypt:3  | Found an ancient bone altar of Kikubaaqudgha.
 61697 | Crypt:3  | Found the +6 Majin-Bo {spellvamp, MP+6 Int+6}
 61709 | Crypt:3  | Got the Vellum of Arcane Combat
 61730 | Crypt:3  | Identified the +4 lajatang of Peril {drain, rN+}
 62119 | Zot:1    | Entered Level 1 of the Realm of Zot
 62619 | Zot:1    | Found a transporter.
 62620 | Zot:1    | Found a transporter.
 62625 | Zot:1    | Found a transporter.
 62828 | Zot:1    | Noticed Grunn
 62838 | Zot:1    | Killed Grunn
 62840 | Zot:1    | Received a gift from Okawaru
 63377 | Zot:1    | Found a transporter.
 63858 | D:11     | Bought a potion of haste for 240 gold pieces
 63858 | D:11     | Bought a potion of heal wounds for 120 gold pieces
 64358 | Zot:2    | Received a gift from Okawaru
 64435 | Zot:2    | You fall into a shaft and drop 1 floor!
 64611 | Zot:2    | Reached XP level 26. HP: 264/266 MP: 30/30
 64656 | Zot:2    | Noticed an orb of fire
 64728 | Zot:2    | Gained mutation: You do not regenerate when monsters are
                  | visible. [an orb of fire]
 64733 | Zot:2    | Killed an orb of fire
 65147 | Zot:3    | Noticed an orb of fire
 65158 | Zot:3    | Killed an orb of fire
 66476 | Zot:4    | Received a gift from Okawaru
 66545 | Zot:4    | Received a gift from Okawaru
 67161 | Zot:4    | Noticed an orb of fire
 67162 | Zot:4    | Gained mutation: Your magical capacity is low. (-10% MP)
                  | [an orb of fire]
 67177 | Zot:4    | Killed an orb of fire
 67469 | Zot:4    | Received a gift from Okawaru
 67833 | Zot:4    | Reached skill level 15 in Polearms
 69856 | Depths:3 | Received a gift from Okawaru
 69869 | Depths:3 | Gained mutation: You are clumsy. (Dex -2) [a shining eye]
 70273 | Zot:5    | Entered Level 5 of the Realm of Zot
 70484 | Zot:5    | Noticed an orb of fire
 70494 | Zot:5    | Gained mutation: You are occasionally teleported next to
                  | monsters. [an orb of fire]
 70498 | Zot:5    | Killed an orb of fire
 70508 | Zot:5    | Received a gift from Okawaru
 70632 | Depths:4 | Lost mutation: You do not regenerate when monsters are
                  | visible. [potion of mutation]
 70632 | Depths:4 | Lost mutation: You are clumsy. (Dex -2) [potion of
                  | mutation]
 70632 | Depths:4 | Gained mutation: You are robust. (+10% HP) [potion of
                  | mutation]
 70728 | D:14     | Lost mutation: You are robust. (+10% HP) [potion of
                  | mutation]
 70728 | D:14     | Lost mutation: Your magical capacity is low. (-10% MP)
                  | [potion of mutation]
 70728 | D:14     | Lost mutation: You are occasionally teleported next to
                  | monsters. [potion of mutation]
 70728 | D:14     | Gained mutation: You are clumsy. (Dex -2) [potion of
                  | mutation]
 70728 | D:14     | Gained mutation: Your spells are a little harder to cast,
                  | but a little more powerful. [potion of mutation]
 71613 | Zot:5    | Noticed an ancient lich
 71617 | Zot:5    | Noticed an orb of fire
 71619 | Zot:5    | Noticed an orb of fire
 71752 | Zot:5    | Noticed an orb of fire
 71753 | Zot:5    | Noticed an ancient lich
 71753 | Zot:5    | Noticed an orb of fire
 72039 | Zot:5    | Killed an orb of fire
 72050 | Zot:5    | Killed an orb of fire
 72253 | Zot:5    | Killed an ancient lich
 72254 | Zot:5    | Reached XP level 27. HP: 243/273 MP: 32/32
 72271 | Zot:5    | Killed an ancient lich
 72278 | Zot:5    | Killed an orb of fire
 72307 | Zot:5    | Killed an orb of fire
 73062 | Zot:5    | Noticed an ancient lich
 73079 | Zot:5    | Killed an ancient lich
 73318 | Zot:5    | Noticed a dread lich
 73341 | Zot:5    | Killed a dread lich
 73341 | Zot:5    | Received a gift from Okawaru
 73406 | Zot:5    | Noticed a dread lich
 73409 | Zot:5    | Noticed an ancient lich
 73424 | Zot:5    | Killed an ancient lich
 73425 | Zot:5    | Killed a dread lich
 73890 | Zot:5    | Got the Orb of Zot
 74324 | D:8      | Noticed Vuoheuxi the pandemonium lord
 74343 | D:8      | Killed Vuoheuxi the pandemonium lord
 74532 | D:$      | Escaped with the Orb!

Illustrated notes

Levels and vault maps discovered:
D:1:      minmay_arrival_four_houses, layout_basic
D:2:      layout_loops_ring, basic_altar
D:3:      layout_basic, nicolae_dithmenos_shadow_blocks,
          mainiacjoe_overflow_brackets, uniq_ijyb
D:4:      layout_loops_cross, mainiacjoe_overflow_24_doors,
          nicolae_vehumet_radiance, nicolae_ossuary_entry_giza, kennysheep_dice,
          uniq_blork_the_orc
D:5:      layout_loops_ring, slow_altar_2, minmay_temple_entry_enclosed_plants,
          minivault_1, dk_noncrumbling_4
D:6:      layout_basic, mainiacjoe_overflow_alcove_1, uniq_grinder
D:7:      layout_loops_corners, minivault_22, kennysheep_donut, uniq_joseph
D:8:      hellmonk_crumbling_castle, layout_cave_pools,
          yredelemnul_forgotten_temple_becter, serial_column_ruins,
          column_ruins_hut, column_ruins_square_medium, column_ruins_open_tiny,
          column_ruins_corridor_straight, column_ruins_columns_dead_end,
          column_ruins_columns_straight, column_ruins_columns_straight,
          column_ruins_grid_3, hangedman_decor_slide_cut
D:9:      minmay_bloctagon, layout_cross, fedhas_altar_1, old_standard_altar,
          nicolae_wooded_promenade, uniq_harold
D:10:     layout_cave_pods, lightli_temple_of_fire, okawaru_gym_becter
D:11:     kennysheep_big_flooded_room, layout_basic,
          minmay_orc_entry_guard_dogs, serial_shops, nicolae_stop_n_shop_1,
          nicolae_take_the_stairs, dk_noncrumbling_3,
          nicolae_uskayaw_murder_on_the_dancefloor
D:12:     layout_cave_pools, gammafunk_ghost_nasty_kobolds
D:13:     layout_loops_corners, david_vaults_2
D:14:     layout_loops_ring, nicolae_hepliaklqana_hippocampus
D:15:     hangedman_depths_entry_civil_slaughter, layout_basic,
          minmay_hedge_maze, uniq_kirke
Temple:   minmay_freezing_vapour_temple
Lair:1:   layout_roguey, grunt_megastairs_3, uniq_prince_ribbit2
Lair:2:   hellmonk_ruined_rings, layout_cave_pods, uniq_nergalle, uniq_amaemon
Lair:3:   layout_cave_pods, elwin_shoals_entry_rooms,
          spider_nest_entry_funnel_web, columned_hall_lemuel
Lair:4:   layout_loops_ring, amcnicky_mini_pool_medium
Lair:5:   evil_forest, layout_long_grid, nicolae_slime_entry_slimehenge,
          grunt_megastairs_4
Shoals:1: layout_shoals, serial_shops, shop, nicolae_shop_behind_doors,
          nicolae_shoals_water_booths
Shoals:2: layout_shoals, uniq_ilsuiw, uniq_polyphemus
Shoals:3: layout_shoals, serial_shops, shop, nicolae_shop_behind_doors,
          nicolae_square_shop, st_cyclops
Shoals:4: shoals_end_grunt_ice, layout_shoals
Spider:1: layout_spider_delve
Spider:2: layout_spider_delve, nicolae_spider_some_kinda_spiderbox,
          hangedman_spider_tarantella_strand, uniq_jorgrun
Spider:3: layout_chambers, hive_lemuel, uniq_nikola, uniq_roxanne, uniq_agnes
Spider:4: guppyfry_spider_rune
Slime:1:  layout_caves
Slime:2:  cheibrodos_slime_lost_civilization_9, layout_caves
Slime:3:  layout_caves
Slime:4:  layout_caves
Slime:5
Orc:1:    layout_diamond_mine, basic_altar
Orc:2:    kennysheep_orc_mage_school, layout_caves, uniq_nessos
Elf:1:    nicolae_elf_arrival_no_cutting_in_line, layout_geoelf_octagon,
          serial_shops, nicolae_shop_trees,
          hangedman_elven_crosses_minicolossus, lemuel_upstairs_altar,
          minmay_shop_grove
Elf:2:    nicolae_elf_blades_crystal_corner, layout_loops_corners
Elf:3:    minmay_elf_hall_furrowed, layout_geoelf_diagonals
Vaults:1: nicolae_vaults_meeting, vaults_mumra_minichess,
          hangedman_vaults_restitches, nicolae_vaults_little_squares_3,
          v_misc_15, v_misc_4, v_misc_24, v_misc_27, v_alt_pattern_3,
          vaults_room_grid, ontoclasm_vaults_decontamination,
          vaults_dpeg_encased_lava, vaults_mumra_hex, layout_vaults_omnicross
Vaults:2: vaults_mumra_chevron_long, minmay_crypt_entry_simple_corners,
          vaults_standard_mumra_lines, hangedman_vaults_maws,
          nicolae_vaults_border_crossing, nicolae_vaults_little_squares_6,
          v_misc_4, grunt_tower_of_power, v_rooms_3, v_misc_5,
          vaults_room_large_hall, vaults_mumra_chevron, v_misc_23,
          vaults_dpeg_emergency_exit, layout_vaults_ring
Vaults:3: v_misc_19, v_misc_27, nicolae_vaults_network_quincunx
          [nicolae_vaults_network_quincunx_subvault,
          nicolae_vaults_network_quincunx_subvault,
          nicolae_vaults_network_quincunx_subvault,
          nicolae_vaults_network_quincunx_subvault,
          nicolae_vaults_network_quincunx_subvault], v_misc_4,
          nicolae_vaults_big_angled_halls, nicolae_vaults_specimen_jars,
          hangedman_vaults_capsules, hangedman_vaults_impose, v_misc_17,
          vaults_room_pool, v_misc_29, layout_vaults_omnigrid, serial_shops,
          nicolae_shop_statue_plus
Vaults:4: hangedman_vaults_slither, ontoclasm_vaults_eye, v_misc_23,
          nicolae_vaults_bisected_slash, st_octagons_1,
          ontoclasm_vaults_loading_screen,
          nicolae_vaults_windows_and_doors_thing,
          nicolae_vaults_diagonal_hallway_8, nicolae_vaults_yaktaur_gun_rack,
          ontoclasm_vaults_chip, vaults_room_pools, layout_vaults_chaotic_city,
          serial_hangedman_research, hangedman_research_thanatology,
          hangedman_research_quantum, hangedman_research_toxicology
Vaults:5
Crypt:1:  layout_basic, grunt_crypt_arrival_guarded_gate, grunt_megastairs_5,
          roderic_lattice_octagonal_star
Crypt:2:  evilmike_wizard_prison, layout_chaotic_city, weyrava_lich_vault
Crypt:3:  lightli_unholy_cathedral, layout_chaotic_city,
          tomb_entry_pyramid_bobbens
Depths:1: layout_roguey, nzn_ghost_randoct, hellmouth_3, bloody_trog
Depths:2: minmay_inner_zag, layout_twisted_cross, pan_entry, abyss_entry,
          grunt_decor_mini_mirrors, pf_hell_entry_great_geh,
          nicolae_stop_n_shop_1, kennysheep_generic_room_15
Depths:3: hangedman_arrow_trap, layout_gridville, enter_ziggurat_b,
          minmay_staircase_statues, hell_entry, abyss_entry,
          kennysheep_random_hallway
Depths:4: grunt_twist_and_shout, layout_basic, serial_rivers,
          chequers_serial_rivers_marsh, chequers_serial_rivers_micro_c,
          chequers_serial_rivers_large_a, chequers_serial_rivers_micro_d,
          chequers_serial_rivers_micro_b, grunt_metal_band
Zot:1:    layout_concentric_octagons, st_stairs_9, st_single_dragon_hoard_1,
          nicolae_transporter_circle, uniq_grunn
Zot:2:    kennysheep_ambush_hall, layout_onion_interference
Zot:3:    layout_gridlike, grunt_megastairs_2
Zot:4:    lemuel_firehouse, layout_cathedral_of_symmetry
Zot:5:    layout_gridlike

Skill      XL: |  1  2  3  4  5  6  7  8  9 10 11 12 13 14 15 16 17 18 19 20 21 22 23 24 25 26 27 |
---------------+----------------------------------------------------------------------------------+-----
Staves         | 4 5 6 7 8 10 12 14 20 24 26 27 | 27.0
Fighting       | 3 4 6 7 9 11 13 16 18 21 23 25 27 | 27.0
Dodging        | 4 6 10 13 16 19 20 22 24 25 | 25.1
Armour         | 1 2 3 4 6 8 10 13 15 17 19 20 21 23 26 27 | 27.0
Throwing       | 9 12 14 16 17 18 | 18.4
Polearms       | 5 10 13 16 17 | 17.3
Invocations    | 4 8 11 13 14 | 14.8

Action                     |  1- 3 |  4- 6 |  7- 9 | 10-12 | 13-15 | 16-18 | 19-21 | 22-24 | 25-27 || total
---------------------------+-------+-------+-------+-------+-------+-------+-------+-------+-------++-------
  Melee: Quarterstaff      |    77 |   124 |   332 |   434 |  1202 |   190 |       |       |       ||  2359
         Headbutt          |     7 |    18 |    69 |   121 |   312 |   345 |   444 |   648 |   585 ||  2549
         Lajatang          |       |       |       |       |       |  1122 |  1458 |  1976 |  1718 ||  6274
         Unarmed           |       |       |       |       |       |       |       |       |     5 ||     5
  Throw: Throwing net      |       |       |       |       |     1 |       |       |       |       ||     1
 Invoke: Heroism           |       |       |       |     1 |    15 |    36 |    37 |    30 |    49 ||   168
         Finesse           |       |       |       |       |       |     1 |     3 |     2 |     4 ||    10
  Evoke: Wand              |       |       |       |       |       |     1 |       |       |     4 ||     5
    Use: Scroll            |       |       |     8 |    13 |    11 |    10 |    13 |     5 |    22 ||    82
         Potion            |       |       |       |       |     4 |     5 |     1 |     9 |    12 ||    31
   Stab: Distracted        |       |       |       |     6 |    18 |    15 |     2 |     1 |       ||    42
         Invisible         |       |       |       |       |       |       |       |     2 |       ||     2
         Confused          |       |       |       |       |       |       |       |       |     2 ||     2
 Armour: Leather armour    |    25 |     2 |       |       |       |       |       |       |       ||    27
         Scale mail        |       |    11 |       |       |       |       |       |       |       ||    11
         Plate armour      |       |    42 |   145 |   170 |   517 |       |       |       |       ||   874
         Crystal plate arm |       |       |       |       |   584 |  1203 |   957 |  1081 |   430 ||  4255
         Gold dragon scale |       |       |       |       |       |       |       |       |   413 ||   413
  Dodge: Dodged            |    50 |    57 |   123 |   146 |   649 |   552 |   635 |   970 |   752 ||  3934
  Block: Other             |       |       |       |    38 |   259 |   299 |   249 |   307 |   208 ||  1360
         Reflection        |       |       |       |     4 |    13 |    29 |    29 |    12 |     2 ||    89

Table legend: (Time is in decaauts)
 A = Elapsed time spent in this place.
 B = Non-inter-level travel time spent in this place.
 C = Inter-level travel time spent in this place.
 D = Time resting spent in this place.
 E = Time spent auto-exploring this place.
 F = Levels seen in this place.
 G = Mean time per level.
                   A        B        C        D        E       F      G
               +--------+--------+--------+--------+--------+-----+--------+
         Total |  71285 |  64958 |   6327 |  13437 |  31438 |  58 | 1229.1 |
       Dungeon |  17541 |  15062 |   2479 |   2324 |   9273 |  15 | 1169.4 |
        Temple |      1 |      1 |      0 |      0 |      0 |   1 |    1.0 |
          Lair |   6350 |   5422 |    928 |    889 |   3468 |   5 | 1270.0 |
        Shoals |   4520 |   4383 |    137 |   1240 |   1835 |   4 | 1130.0 |
   Spider Nest |   5613 |   5384 |    229 |   1646 |   2069 |   4 | 1403.2 |
    Slime Pits |   3903 |   3797 |    106 |    514 |   1922 |   5 |  780.6 |
  Orcish Mines |   1503 |   1400 |    103 |    349 |    743 |   2 |  751.5 |
   Elven Halls |   4472 |   4174 |    298 |    919 |   1560 |   3 | 1490.7 |
        Vaults |   9669 |   8829 |    840 |   1736 |   4409 |   5 | 1933.8 |
         Crypt |   3501 |   3278 |    223 |    217 |   1605 |   3 | 1167.0 |
        Depths |   4166 |   3657 |    509 |    521 |   1967 |   4 | 1041.5 |
           Zot |   8929 |   8460 |    469 |   2817 |   2288 |   5 | 1785.8 |
         Abyss |    434 |    434 |      0 |     66 |      0 |   1 |  434.0 |
       Ossuary |    675 |    675 |      0 |    198 |    296 |   1 |  675.0 |
               +--------+--------+--------+--------+--------+-----+--------+

Top non-repeatable levels by time:
   Zot:4: 2598 daAuts
Vaults:4: 2523 daAuts
   Zot:5: 2257 daAuts
Vaults:3: 1974 daAuts
Spider:3: 1902 daAuts
   Elf:3: 1897 daAuts
Vaults:5: 1873 daAuts
   Zot:1: 1831 daAuts
Vaults:2: 1803 daAuts
  Lair:3: 1761 daAuts
Spider:2: 1697 daAuts
Shoals:4: 1543 daAuts
Vaults:1: 1494 daAuts
     D:9: 1445 daAuts
   Elf:2: 1414 daAuts
